 Dungeon Crawl Stone Soup version 0.29.1-2-gbd0b4ee654 (webtiles) character file.

Game seed: 13547677329242183615

683 styxcanada the Covert (level 7, 0/35 HPs)
             Began as a Spriggan Brigand on Nov 27, 2022.
             Slain by a hound (3 damage)
             ... on level 4 of the Dungeon.
             The game lasted 00:16:50 (5453 turns).

styxcanada the Covert (Spriggan Brigand)            Turns: 5453, Time: 00:16:50

Health: 0/35       AC:  3    Str:  7    XL:     7   Next: 35%
Magic:  8/8        EV: 19    Int: 13    God:
Gold:   163        SH:  0    Dex: 18    Spells: 5/6 levels left

rFire   . . .      SeeInvis +   u - +3 short sword (venom)
rCold   . . .      Faith    .   (no shield)
rNeg    . . .      Spirit   .   b - +0 robe
rPois   .          Reflect  .   (helmet restricted)
rElec   .          Harm     .   c - +0 cloak
rCorr   .          Rampage  .   (gloves unavailable)
Will    ++...                   (boots unavailable)
Stlth   ++++......              (no amulet)
HPRegen 0.11/turn               q - ring of willpower
MPRegen 0.11/turn               (no ring)

@: very quick
A: very small, no large weapons, unfitting armour, see invisible, speed 3
a: no special abilities


You were on level 4 of the Dungeon.
You visited 1 branch of the dungeon, and saw 4 of its levels.

You collected 163 gold pieces.

Inventory:

Hand Weapons
 a - a +2 dagger
 h - a +2 flail of holy wrath
 j - a +0 sling
 t - a +3 dagger
 u - a +3 short sword of venom (weapon)
Missiles
 e - 2 curare-tipped darts
 f - 44 stones
 v - 8 poisoned darts (quivered)
Armour
 b - a +0 robe (worn)
 c - a +0 cloak (worn)
Jewellery
 q - a ring of willpower (left hand)
Wands
 d - a wand of quicksilver (5)
 n - a wand of digging (2)
Scrolls
 g - a scroll of immolation {unknown}
 k - a scroll of butterflies
 l - a scroll of teleportation
 o - 2 scrolls of silence
Potions
 i - a potion of magic
 m - a potion of might {unknown}
 r - a potion of flight {unknown}
 s - 2 potions of ambrosia {unknown}
 w - a potion of berserk rage {unknown}
 z - a potion of brilliance {unknown}
 A - 3 potions of curing {unknown}


   Skills:
 * Level 2.8 Fighting
 + Level 3.9 Short Blades
 + Level 0.3 Ranged Weapons
 + Level 4.0 Throwing
 * Level 3.9 Dodging
 * Level 9.6 Stealth
 * Level 0.3 Spellcasting
 * Level 0.2 Conjurations
 * Level 0.4 Evocations


You had 5 spell levels left.
You knew the following spells:

 Your Spells              Type           Power      Damage    Failure   Level
a - Magic Dart            Conj           0%         1d3       26%         1

Your spell library contained the following spells:

 Spells                   Type           Power      Damage    Failure   Level
 Searing Ray              Conj           0%         2d4       38%         2
 Ignite Poison            Fire/Tmut/Pois 0%         N/A       65%         3
 Mephitic Cloud           Conj/Pois/Air  0%         N/A       65%         3
 Fulminant Prism          Conj/Hex       0%         3d6       96%         4
 Freezing Cloud           Conj/Ice/Air   0%         6-21      100%        5


Dungeon Overview and Level Annotations

Branches:
Dungeon (4/15)
 Temple: D:4-7

Altars:
Dithmenos
Fedhas
Nemelex Xobeh
Qazlal
Trog
Wu Jian


Innate Abilities, Weirdness & Mutations

You are very small and have problems with some larger weapons.
You are too small for most types of armour.
You have supernaturally acute eyesight. (SInv)
You cover ground extremely quickly. (Speed+++)


Message History

Things that are here:
a +0 club; a +0 ring mail
v - 5 poisoned darts (gained 1)
v - 7 poisoned darts (gained 2)
You see here a +0 dagger.
Things that are here:
a +0 hand axe; a +0 scale mail
v - 8 poisoned darts (gained 1)
Things that are here:
a +0 mace; an orc skeleton
Found 11 gold pieces.
You now have 152 gold pieces (gained 12).
You now have 163 gold pieces (gained 11).
You open the door.
There is an open door here.
You see here a +0 dagger.
There is an open door here.
Found an escape hatch in the floor.
The orc priest shouts!
The orc priest mumbles some strange prayers to Beogh against you.
Beogh smites you!
You hear a bark!
A hound comes into view.
The orc priest calls down the wrath of Beogh upon you.
Beogh smites you!
* * * LOW HITPOINT WARNING * * *
You hit the orc priest.
The orc priest is poisoned.
The orc priest is lightly wounded.
The orc priest hits you with a +0 dagger.
* * * LOW HITPOINT WARNING * * *
You hit the orc priest.
The orc priest looks as sick as possible!
The orc priest is moderately wounded.
The orc priest hits you with a +0 dagger.
* * * LOW HITPOINT WARNING * * *
You hit the orc priest.
The orc priest looks as sick as possible!
The orc priest is moderately wounded.
The hound bites you.
You die...

#...........#
#...........#
#...........#
#...........#
######.######
#........#
#........#
#........#
#......@.#
#.....h.o#
#......>.#
#.........
#........#.
#........#.#
#........# .
.....##### #.


You could see a hound and an orc priest (extremely poisoned).

Vanquished Creatures
  Grinder (D:3)
  Sigmund (D:3)
  An orc priest (D:4)
  Natasha (thrice) (D:2)
  Terence (D:2)
  Ijyb (D:3)
  2 orc wizards (D:3)
  A gnoll (D:1)
  3 adders
  7 worms
  A dart slug (D:1)
  9 orcs
  6 bats
  7 endoplasms
  A giant cockroach (D:4)
  10 goblins
  4 hobgoblins
  6 kobolds
  3 quokkas
  10 ball pythons
  5 frilled lizards
  7 rats
90 creatures vanquished.

Notes
Turn   | Place    | Note
-------+----------+-------------------------------------------
     0 | D:1      | styxcanada the Spriggan Brigand began the quest for the
                  | Orb.
     0 | D:1      | Reached XP level 1. HP: 10/10 MP: 2/2
    37 | D:1      | Reached skill level 6 in Stealth
   263 | D:1      | Reached XP level 2. HP: 15/15 MP: 3/3
   369 | D:1      | Reached skill level 7 in Stealth
   640 | D:1      | Reached XP level 3. HP: 18/18 MP: 4/4
  1737 | D:2      | Noticed Terence
  1818 | D:2      | Killed Terence
  1819 | D:2      | Reached XP level 4. HP: 11/23 MP: 5/5
  2599 | D:2      | Noticed Natasha
  2604 | D:2      | Killed Natasha
  2605 | D:2      | Reached skill level 8 in Stealth
  2618 | D:2      | Reached XP level 5. HP: 26/26 MP: 6/6
  2690 | D:2      | Noticed Natasha
  2719 | D:2      | Killed Natasha
  3090 | D:2      | Noticed Natasha
  3141 | D:2      | Found a faded altar of an unknown god.
  3188 | D:2      | Killed Natasha
  3926 | D:3      | Noticed Grinder
  3930 | D:3      | Noticed Sigmund
  3966 | D:3      | Killed Sigmund
  3967 | D:3      | Reached skill level 9 in Stealth
  3967 | D:3      | Reached XP level 6. HP: 22/32 MP: 7/7
  3973 | D:3      | Killed Grinder
  3974 | D:3      | Reached XP level 7. HP: 25/35 MP: 8/8
  4296 | D:3      | Learned a level 1 spell: Magic Dart
  4568 | D:3      | Noticed Ijyb
  4573 | D:3      | Killed Ijyb
  5117 | D:4      | Found a shadowy altar of Dithmenos.
  5120 | D:4      | Found a stormy altar of Qazlal.
  5124 | D:4      | Found a blossoming altar of Fedhas.
  5125 | D:4      | Found an ornate altar of the Wu Jian Council.
  5125 | D:4      | Found a sparkling altar of Nemelex Xobeh.
  5125 | D:4      | Found a bloodstained altar of Trog.
  5453 | D:4      | Slain by a hound

Illustrated notes

Levels and vault maps discovered:
D:1:      ncdulo_wetmaze, layout_basic
D:2:      layout_loops_cross, hellmonk_ecumenical_altar_heavens_door,
          minmay_tromino_v4_a, uniq_natasha, uniq_terence
D:3:      layout_basic, uniq_ijyb, uniq_sigmund, uniq_grinder
D:4:      layout_basic, minitemple, minmay_temple_entry_large_hall,
          serial_bayou_crossing

Skill      XL: |  1  2  3  4  5  6  7 |
---------------+----------------------+-----
Stealth        | 6 7 8 9 |  9.6
Fighting       | 2 |  2.8
Dodging        | 2 3 |  3.9
Throwing       | 3 4 |  4.0
Short Blades   | 3 |  3.9
Ranged Weapons | |  0.3
Spellcasting   | |  0.3
Conjurations   | |  0.2
Evocations     | |  0.4

Action                   |  1- 3 |  4- 6 |  7- 9 || total
-------------------------+-------+-------+-------++-------
Melee: Dagger            |    80 |    67 |       ||   147
       Punch             |     1 |     4 |       ||     5
       Short sword       |       |    22 |    49 ||    71
 Fire: Sling             |       |     5 |       ||     5
Throw: Dart              |    36 |    45 |     8 ||    89
       Stone             |     1 |       |     2 ||     3
  Use: Scroll            |       |       |     8 ||     8
 Stab: Sleeping          |    12 |     8 |     7 ||    27
       Distracted        |       |     2 |       ||     2
Armor: Robe              |    13 |     3 |     3 ||    19
Dodge: Dodged            |    60 |    51 |    25 ||   136
